 Dungeon Crawl Stone Soup version 0.22-a0-782-g038298e (webtiles) character file.

35 Kuinu the Firebug (level 3, 0/26 HPs)
             Began as a Draconian Fire Elementalist on July 20, 2018.
             Slain by a worm (1 damage)
             ... on level 2 of the Dungeon.
             The game lasted 00:04:30 (1634 turns).

Kuinu the Firebug (Draconian Fire Elementalist)     Turns: 1634, Time: 00:04:31

Health: 0/26       AC:  6    Str: 10    XL:     3   Next: 17%
Magic:  0/6        EV: 12    Int: 16    God:
Gold:   24         SH:  0    Dex: 11    Spells: 3/6 levels left

rFire    . . .     SeeInvis .   c - -3 club (curse)
rCold    . . .     Gourm    .   (no shield)
rNeg     . . .     Faith    .   (armour unavailable)
rPois    .         Spirit   +   (helmet restricted)
rElec    .         Reflect  .   g - scarf {Spirit}
rCorr    .         Harm     .   f - +0 pair of gloves {archery}
MR       .....                  (no boots)
Stlth    ++........             (no amulet)
HPRegen  0.08/turn              (no ring)
MPRegen  0.10/turn              (no ring)

@: very slightly contaminated
A: unfitting armour, cold-blooded, AC +5
a: no special abilities


You were on level 2 of the Dungeon.
You were not hungry.

You visited 1 branch of the dungeon, and saw 2 of its levels.

You collected 24 gold pieces.

Inventory:

Hand Weapons
 c - a cursed -3 club (weapon)
 d - a +0 dagger
 e - a +0 club
 i - a +0 dagger
Armour
 f - a +0 pair of gloves of archery (worn)
 g - a scarf of spirit shield (worn)
Scrolls
 a - 2 scrolls of identify {unknown}
Potions
 h - 2 potions of curing {unknown}
Comestibles
 b - 3 rations


   Skills:
 + Level 2.1 Dodging
 + Level 1.9 Stealth
 * Level 2.3 Spellcasting
 * Level 1.2 Conjurations
 * Level 3.6 Fire Magic


You had 3 spell levels left.
You knew the following spells:

 Your Spells              Type           Power        Failure   Level  Hunger
a - Flame Tongue          Conj/Fire      #....        8%          1    #......
b - Throw Flame           Conj/Fire      #.....       11%         2    ###....

Your spell library contained the following spells:

 Spells                   Type           Power        Failure   Level  Hunger
 Fireball                 Conj/Fire      #.........   90%         5    ######.
 Conjure Flame            Conj/Fire      #.......     22%         3    ###....
 Sticky Flame             Conj/Fire      #.......     58%         4    #####..
 Inner Flame              Hex/Fire       #.......     28%         3    ###....


Dungeon Overview and Level Annotations

Branches:
Dungeon (2/15)

Altars:
Trog


Innate Abilities, Weirdness & Mutations

Your plain brown scales are hard. (AC +5)
You cannot fit into any form of body armour.
You are cold-blooded and may be slowed by cold attacks.


Message History

You hit the worm but do no damage.
The worm is lightly wounded.
The worm bites you!
You hit the worm but do no damage.
The worm is lightly wounded.
A rat comes into view.
The worm closely misses you.
You hit the worm but do no damage. You hit the worm.
The worm is lightly wounded.
The worm bites you.
* * * LOW HITPOINT WARNING * * *
You hit the worm.
The worm is moderately wounded.
The worm bites you.
* * * LOW HITPOINT WARNING * * *
You barely miss the worm. You tail-slap the worm.
The worm is heavily wounded.
The worm bites you.
You die...

#........#
#........#
#?.......#
#........#
#........#
#........#
#..w.....#
####@#
######.r..#
#......_..#
#.###.....#
#<..#.#.#
#.#.#.#.#
#.#.#.#.#
#...#.#.#
#.###.#.#


You could see a worm and a rat.

Vanquished Creatures
  2 oozes (D:1)
  4 dart slugs (D:1)
  A giant cockroach (D:1)
  4 goblins
  2 hobgoblins (D:1)
  A kobold (D:1)
  4 bats (D:1)
  A rat (D:1)
19 creatures vanquished.

Notes
Turn   | Place    | Note
-------+----------+-------------------------------------------
     0 | D:1      | Kuinu the Draconian Fire Elementalist began the quest for the Orb.
     0 | D:1      | Reached XP level 1. HP: 14/14 MP: 3/3
   494 | D:1      | Reached XP level 2. HP: 6/20 MP: 5/5
   498 | D:1      | Learned a level 2 spell: Throw Flame
  1022 | D:1      | Reached XP level 3. HP: 26/26 MP: 0/6
  1609 | D:2      | Found a bloodstained altar of Trog.
  1633 | D:2      | HP: 1/26 [worm (4)]
  1634 | D:2      | Slain by a worm

Vault maps used:
D:1:      tarquinn_simple_flora_water_a
D:2:      bloody_trog

Skill      XL: |  1  2 |
---------------+-------+-----
Dodging        | 2 |  2.1
Stealth        | |  1.9
Spellcasting   | |  2.3
Conjurations   | |  1.2
Fire Magic     | |  3.6

Action                   || total
-------------------------++-------
Melee: Unarmed           ||    14
       Club              ||    38
       Tailslap          ||     6
 Cast: Flame Tongue      ||    30
       Throw Flame       ||     2
  Eat: Chunk             ||     1
       Ration            ||     1
Armor: Skin              ||    17
Dodge: Dodged            ||    30

Table legend:
 A = Spawn XP
 B = Non-spawn XP
 C = Spawn XP percentage of total XP
 D = Spawn monster count
 E = Non-spawn monster count
 F = Spawn count percentage of total count
 G = Total turns spent on level
                    A         B        C        D         E        F      G
               +---------+---------+-------+---------+---------+-------+---------
         Total |       0 |      51 |   0.0 |       0 |      19 |   0.0 |  1634
               +---------+---------+-------+---------+---------+-------+---------
           D:1 |       0 |      49 |   0.0 |       0 |      18 |   0.0 |  1609
           D:2 |       0 |       2 |   0.0 |       0 |       1 |   0.0 |    25
               +---------+---------+-------+---------+---------+-------+---------
